 Dungeon Crawl Stone Soup version 0.30.0-15-g856e2d3f33 (webtiles) character file.

Game seed: 12477123338825194750

3731 qw the Cleaver (level 10, -2/63 HPs)
             Began as a Gargoyle Cinder Acolyte on May 18, 2023.
             Was a Follower of Ignis.
             Slain by a manticore (5 damage)
             ... on level 7 of the Dungeon.
             The game lasted 00:03:22 (6835 turns).

qw the Cleaver (Gargoyle Cinder Acolyte)            Turns: 6835, Time: 00:03:22

Health: -2/63      AC: 31    Str: 22    XL:     10   Next: 14%
Magic:  0/11       EV:  6    Int: 15    God:    Ignis [*.....]
Gold:   320        SH:  0    Dex:  5    Spells: 11/11 levels left

rFire   + . .        f - +3 hand axe (heavy)
rCold   + . .        (no shield)
rNeg    + . .        j - +0 plate armour
rPois   inf          l - +0 helmet
rElec   +            p - +0 cloak
rCorr   .            e - +0 pair of gloves
SInv    .            (no boots)
Will    .....        h - amulet of guardian spirit Stlth
                     m - ring of protection from cold
HPRegen 0.30/turn    (no ring)
MPRegen 0.12/turn

%: guardian spirit
@: fiery-armoured
A: sickness immunity, AC +7, negative energy resistance 1, electricity
resistance, torment resistance 1, petrification resistance
a: Renounce Religion, Fiery Armour, Foxfire Swarm, Rising Flame


You were on level 7 of the Dungeon.
You worshipped Ignis.
Ignis was aware of your devotion.
You visited 1 branch of the dungeon, and saw 7 of its levels.

You collected 320 gold pieces.


Innate Abilities, Weirdness & Mutations

You are immune to sickness and miasma.
Your stone body is resilient. (AC +7)
You are immune to poison.
You resist negative energy. (rN+)
You are resistant to electric shocks. (rElec)
You are resistant to unholy torment.
You are immune to petrification.


   Skills:
 + Level 7.4 Fighting
 - Level 10.0 Axes
 - Level 3.0 Throwing
 - Level 7.1 Armour
 - Level 1.0 Spellcasting
 - Level 3.0 Fire Magic


You had 11 spell levels left.
You didn't know any spells.
Your spell library contained the following spells:

 Spells                   Type           Power      Damage    Failure   Level
 Scorch                   Fire           18%        2d5       87%         2

Inventory:

Hand Weapons
 f - a +3 heavy hand axe (weapon)
 Y - a -1 hand axe of flaming
Missiles
 g - 2 silver javelins (quivered)
Armour
 d - +0 fire dragon scales
 e - a +0 pair of gloves (worn)
 j - a +0 plate armour (worn)
 l - a +0 helmet (worn)
 p - a +0 cloak (worn)
Jewellery
 h - an amulet of guardian spirit (around neck)
 m - a ring of protection from cold (left hand)
Scrolls
 b - a scroll of identify
Potions
 a - a potion of haste
 c - a potion of might
 i - a potion of curing
 n - a potion of attraction {unknown}
 q - a potion of resistance {unknown}

Dungeon Overview and Level Annotations

Branches:
Dungeon (7/15)
 Temple: D:4-7

Altars:
Elyvilon
Makhleb
Okawaru
Ru
The Shining One


Message History

A manticore is nearby!
6826 ||| Stepping ~*~*~tactically~*~*~ (stealth).
You start resting.
A manticore is nearby!
You hit the manticore.
The manticore is lightly wounded.
The manticore bites you but does no damage.
The manticore is burned by your cloak of flames.
The manticore is lightly wounded.
The manticore claws you but does no damage.
The manticore is burned by your cloak of flames.
The manticore is moderately wounded.
The manticore claws you.
The manticore is burned by your cloak of flames.
The manticore is moderately wounded.
You barely miss the manticore.
The manticore is moderately wounded.
The manticore bites you!
The manticore is burned by your cloak of flames.
The manticore is moderately wounded.
The manticore claws you but does no damage.
The manticore is burned by your cloak of flames.
The manticore is heavily wounded.
The manticore claws you but does no damage.
You slash the manticore!
The manticore is severely wounded.
The manticore bites you but does no damage.
The manticore is burned by your cloak of flames.
The manticore is severely wounded.
The manticore claws you.
The manticore is burned by your cloak of flames.
The manticore is severely wounded.
The manticore claws you but does no damage.
The manticore is burned by your cloak of flames.
The manticore is almost dead.
The manticore bites you.
The manticore is burned by your cloak of flames.
The manticore is almost dead.
The manticore claws you.
You die...

##.#.#)##.#.#.
... #...
..##.#.###.. .
#### #.###.## ..
.. # .#..#.#.##.
.# #
....##.##.#.# # #
.. ..#.##.. H# #
#.##.#.#H####
##.# #
#.#..##...#.#...
. #
#.#)..#.#.#@#.#
#.# #
##)#<#.###.H.)[##
#... #
#..))#..#..)...!#
#...###
#....##.####.####
#......
#.....#..# ....
..##.
#.....##.##.#.##
..#..
#.........#. .#
#.#.#
##+####.#.## ##
#.#.# ...#..#
#.#.#


You could see a manticore.

Vanquished Creatures
  A deep elf pyromancer (D:7)
  A troll (D:7)
  A hornet (D:7)
  Grinder (D:3)
  A wyvern (D:7)
  A steam dragon (D:7)
  Menkaure (D:5)
  An orc warrior (D:7)
  A sky beast (D:7)
  2 black bears
  An ogre (D:5)
  3 centaurs
  An ice beast (D:6)
  2 phantoms
  A kobold brigand (D:7)
  A gnoll sergeant (D:5)
  4 scorpions
  A wight (D:7)
  A howler monkey (D:5)
  2 jellies
  A gnoll bouda (D:5)
  4 orc priests
  A hound (D:6)
  2 sleepcaps
  Terence (D:2)
  4 iguanas
  8 orc wizards
  Natasha (thrice) (D:2)
  9 gnolls
  10 adders
  2 river rats (D:5)
  A shadow imp (D:6)
  4 white imps
  3 dart slugs (D:1)
  16 orcs
  5 ball pythons
  6 endoplasms
  5 giant cockroaches
  6 hobgoblins
  12 kobolds
  3 quokkas
  2 bats
  2 frilled lizards
  5 goblins
  6 rats
149 creatures vanquished.

Notes
Turn   | Place    | Note
-------+----------+-------------------------------------------
     0 | D:1      | qw the Gargoyle Cinder Acolyte began the quest for the Orb.
     0 | D:1      | Reached XP level 1. HP: 14/14 MP: 2/2
     0 | D:1      | 0 ||| qw: Version: 0.2-a-95-gc95f03d
     0 | D:1      | 0 ||| qw: Game counter: 51
     0 | D:1      | 0 ||| qw: Always use a shield: true
     0 | D:1      | 0 ||| qw: God list: Okawaru
     0 | D:1      | 0 ||| qw: Allow faded altars: false
     0 | D:1      | 0 ||| qw: Do Orc after D:15 true
     0 | D:1      | 0 ||| qw: Do second Lair branch before Depths: true
     0 | D:1      | 0 ||| qw: Lair rune preference: random
     0 | D:1      | 0 ||| qw: Plans: Normal
     0 | D:1      | 0 ||| PLANNING D:1-11
    75 | D:1      | Reached skill level 3 in Axes
   160 | D:1      | Reached XP level 2. HP: 19/19 MP: 3/3
   304 | D:1      | 304 ||| Stepping ~*~*~tactically~*~*~ (hiding).
   305 | D:1      | 305 ||| Stepping ~*~*~tactically~*~*~ (hiding).
   597 | D:1      | 597 ||| Stepping ~*~*~tactically~*~*~ (stealth).
   650 | D:1      | Reached skill level 1 in Throwing
   686 | D:1      | Reached XP level 3. HP: 23/23 MP: 4/4
   768 | D:1      | 768 ||| Stepping ~*~*~tactically~*~*~ (hiding).
  1009 | D:1      | 1009 ||| UPGRADING to +0 scale mail.
  1019 | D:1      | 1019 ||| DROPPING +0 robe.
  1020 | D:1      | 1020 ||| READING scroll labelled PIEGYUTEXA.
  1263 | D:2      | Noticed Terence
  1264 | D:2      | Noticed Natasha
  1265 | D:2      | 1265 ||| INVOKING Fiery Armour.
  1269 | D:2      | Killed Terence
  1270 | D:2      | Reached XP level 4. HP: 28/28 MP: 5/5
  1271 | D:2      | Killed Natasha
  1272 | D:2      | Reached skill level 4 in Axes
  1397 | D:2      | Noticed Natasha
  1408 | D:2      | Killed Natasha
  1409 | D:2      | Reached XP level 5. HP: 32/32 MP: 6/6
  1603 | D:2      | Noticed Natasha
  1617 | D:2      | Killed Natasha
  1688 | D:2      | 1688 ||| Stepping ~*~*~tactically~*~*~ (stealth).
  1895 | D:2      | 1895 ||| UPGRADING to +0 chain mail.
  1905 | D:2      | 1905 ||| DROPPING +0 scale mail.
  1906 | D:2      | 1906 ||| READING 2 scrolls labelled GADEGI CUDUSK.
  1907 | D:2      | 1907 ||| READING scroll labelled FERER KEBUUWKI.
  1946 | D:3      | 1946 ||| STAIRDANCE
  2004 | D:3      | Found a glowing golden altar of the Shining One.
  2018 | D:3      | Found a faded altar of an unknown god.
  2035 | D:3      | Found an iron altar of Okawaru.
  2064 | D:3      | Noticed Grinder
  2065 | D:3      | 2065 ||| Stepping ~*~*~tactically~*~*~ (hiding).
  2071 | D:3      | Paralysed by Grinder for 3 turns
  2080 | D:3      | Paralysed by Grinder for 2 turns
  2083 | D:3      | 2083 ||| INVOKING Fiery Armour.
  2090 | D:3      | Paralysed by Grinder for 2 turns
  2092 | D:3      | Killed Grinder
  2093 | D:3      | Reached skill level 6 in Axes
  2093 | D:3      | Reached XP level 6. HP: 22/37 MP: 7/7
  2203 | D:3      | 2203 ||| INVOKING Fiery Armour.
  2204 | D:3      | 2204 ||| Stepping ~*~*~tactically~*~*~ (hiding).
  2412 | D:3      | 2412 ||| INVOKING Fiery Armour.
  2428 | D:3      | Reached XP level 7. HP: 43/43 MP: 8/8
  2481 | D:3      | 2481 ||| Stepping ~*~*~tactically~*~*~ (hiding).
  2590 | D:3      | Found a sacrificial altar of Ru.
  2611 | D:3      | 2611 ||| UPGRADING to +0 fire dragon scales.
  2614 | D:3      | 2614 ||| UPGRADING to +0 fire dragon scales.
  2615 | D:3      | 2615 ||| UPGRADING to +0 fire dragon scales.
  2618 | D:3      | 2618 ||| UPGRADING to +0 fire dragon scales.
  2628 | D:3      | 2628 ||| UPGRADING to +0 helmet.
  2646 | D:3      | 2646 ||| READING scroll labelled AFYD ZIGOENU.
  2647 | D:3      | 2647 ||| READING scroll labelled JOGRYJU CAEMO.
  2648 | D:3      | 2648 ||| READING scroll labelled CIUQOPLOMUGG.
  2949 | D:3      | 2949 ||| DRINKING 2 emerald potions.
  2950 | D:3      | 2950 ||| READING 3 scrolls of identify.
  2950 | D:3      | 2950 ||| IDENTIFYING bubbling blue potion
  2951 | D:3      | 2951 ||| READING 2 scrolls of identify.
  2951 | D:3      | 2951 ||| IDENTIFYING red potion
  2952 | D:3      | 2952 ||| DROPPING potion of magic.
  2977 | D:4      | 2977 ||| STAIRDANCE
  3100 | D:4      | 3100 ||| INVOKING Fiery Armour.
  3109 | D:4      | Reached skill level 3 in Armour
  3403 | D:4      | 3403 ||| INVOKING Fiery Armour.
  3630 | D:4      | Found a white marble altar of Elyvilon.
  4152 | D:4      | 4152 ||| DROPPING +0 chain mail.
  4153 | D:4      | 4153 ||| UPGRADING to +0 plate armour.
  4163 | D:4      | 4163 ||| UPGRADING to +0 cloak.
  4168 | D:4      | 4168 ||| UPGRADING to ring of protection from cold.
  4169 | D:4      | 4169 ||| READING scroll labelled NEZUZE ZUICS.
  4170 | D:4      | 4170 ||| READING scroll labelled DOUNIR VAOP.
  4171 | D:4      | 4171 ||| READING scroll labelled QAUKIRARGHE.
  4226 | D:5      | Entered Level 5 of the Dungeon
  4227 | D:5      | 4227 ||| PLANNING SEWER
  4238 | D:5      | 4238 ||| INVOKING Fiery Armour.
  4372 | D:5      | 4372 ||| Stepping ~*~*~tactically~*~*~ (hiding).
  4385 | D:5      | 4385 ||| INVOKING Fiery Armour.
  4385 | D:5      | HP: 9/43 [gnoll sergeant/+0 spear (8)]
  4386 | D:5      | 4386 ||| READING scroll of teleportation.
  4387 | D:5      | 4387 ||| DRINKING potion of heal wounds.
  4398 | D:5      | Reached XP level 8. HP: 38/48 MP: 9/9
  4424 | D:5      | Reached skill level 7 in Axes
  4497 | D:5      | Found a burning altar of Makhleb.
  4553 | D:5      | 4553 ||| Stepping ~*~*~tactically~*~*~ (hiding).
  4623 | D:5      | 4623 ||| Stepping ~*~*~tactically~*~*~ (stealth).
  4926 | D:5      | 4926 ||| RIP SEWER
  4948 | D:5      | Noticed Menkaure
  4949 | D:5      | 4949 ||| PLANNING D:1-11
  4949 | D:5      | 4949 ||| Stepping ~*~*~tactically~*~*~ (hiding).
  4961 | D:5      | Killed Menkaure
  4962 | D:5      | Reached skill level 8 in Axes
  5167 | D:5      | 5167 ||| UPGRADING to +0 pair of gloves.
  5172 | D:5      | 5172 ||| UPGRADING to amulet of guardian spirit.
  5177 | D:5      | 5177 ||| READING scroll labelled QOZXAE RUSMUE.
  5178 | D:5      | 5178 ||| READING scroll labelled AZANILL QIXOTZ.
  5179 | D:5      | 5179 ||| READING 3 scrolls of identify.
  5179 | D:5      | 5179 ||| IDENTIFYING grey potion
  5180 | D:5      | 5180 ||| READING 2 scrolls of identify.
  5180 | D:5      | 5180 ||| IDENTIFYING fizzy yellow potion
  5538 | D:6      | Reached skill level 6 in Fighting
  5538 | D:6      | Reached XP level 9. HP: 56/56 MP: 10/10
  5653 | D:6      | 5653 ||| INVOKING Fiery Armour.
  5662 | D:6      | Reached skill level 6 in Armour
  5708 | D:6      | You fall into a shaft and drop 1 floor!
  5755 | D:7      | 5755 ||| DROPPING +6 ring of intelligence.
  5756 | D:7      | 5756 ||| READING 2 scrolls of identify.
  5756 | D:7      | 5756 ||| IDENTIFYING white potion
  5757 | D:7      | 5757 ||| DROPPING potion of flight.
  6294 | D:6      | 6294 ||| READING scroll labelled ONUCEH NOTOT.
  6295 | D:6      | 6295 ||| READING 2 scrolls of identify.
  6295 | D:6      | 6295 ||| IDENTIFYING fuming coppery potion
  6296 | D:6      | 6296 ||| DROPPING potion of invisibility.
  6333 | D:7      | 6333 ||| STAIRDANCE
  6453 | D:7      | 6453 ||| Stepping ~*~*~tactically~*~*~ (hiding).
  6532 | D:7      | 6532 ||| SWAPPING to +3 heavy hand axe.
  6546 | D:7      | Noticed a hornet
  6553 | D:7      | Killed a hornet
  6554 | D:7      | Reached skill level 9 in Axes
  6603 | D:7      | 6603 ||| INVOKING Fiery Armour.
  6608 | D:7      | Reached skill level 3 in Throwing
  6626 | D:7      | 6626 ||| Stepping ~*~*~tactically~*~*~ (stealth).
  6628 | D:7      | 6628 ||| Stepping ~*~*~tactically~*~*~ (stealth).
  6629 | D:7      | 6629 ||| Stepping ~*~*~tactically~*~*~ (stealth).
  6630 | D:7      | 6630 ||| Stepping ~*~*~tactically~*~*~ (stealth).
  6635 | D:7      | 6635 ||| Stepping ~*~*~tactically~*~*~ (stealth).
  6720 | D:7      | 6720 ||| Stepping ~*~*~tactically~*~*~ (stealth).
  6736 | D:7      | 6736 ||| Stepping ~*~*~tactically~*~*~ (hiding).
  6739 | D:7      | 6739 ||| Stepping ~*~*~tactically~*~*~ (hiding).
  6761 | D:7      | Noticed a cyclops
  6762 | D:7      | 6762 ||| Stepping ~*~*~tactically~*~*~ (stealth).
  6769 | D:7      | Noticed a troll
  6770 | D:7      | 6770 ||| Stepping ~*~*~tactically~*~*~ (stealth).
  6771 | D:7      | 6771 ||| Stepping ~*~*~tactically~*~*~ (stealth).
  6772 | D:7      | 6772 ||| Stepping ~*~*~tactically~*~*~ (stealth).
  6787 | D:7      | Identified the ring of Attitude {rF+ rC+ Slay+3}
  6787 | D:7      | Noticed a deep elf pyromancer
  6790 | D:7      | 6790 ||| INVOKING Fiery Armour.
  6791 | D:7      | HP: 11/57 [troll (6)]
  6792 | D:7      | HP: 1/57 [troll (10)]
  6792 | D:7      | Killed a troll
  6793 | D:7      | Reached skill level 10 in Axes
  6793 | D:7      | Reached XP level 10. HP: 1/63 MP: 0/11
  6794 | D:7      | Killed a deep elf pyromancer
  6806 | D:7      | Noticed a manticore
  6807 | D:7      | 6807 ||| Stepping ~*~*~tactically~*~*~ (stealth).
  6826 | D:7      | 6826 ||| Stepping ~*~*~tactically~*~*~ (stealth).
  6833 | D:7      | HP: 11/63 [manticore (3)]
  6834 | D:7      | HP: 4/63 [manticore (7)]
  6835 | D:7      | Slain by a manticore

Levels and vault maps discovered:
D:1:      saegor_arrival_fortress, layout_basic
D:2:      layout_basic, uniq_terence, uniq_natasha
D:3:      layout_loops_ring, mainiacjoe_overflow_boulevard,
          amcnicky_altar_gilded, lemuel_doored_altar,
          hellmonk_ecumenical_altar_heavens_door, uniq_grinder
D:4:      layout_loops_corners, nicolae_elyvilon_temple_path
D:5:      layout_rooms, mainiacjoe_overflow_tiny_flanked, gup_sewer_entry_bowl,
          minmay_tree_intersection, lemuel_flamethrower_1, uniq_menkaure
D:6:      layout_cave_pods, grunt_ministairs_14
D:7:      minmay_the_grid_triangle_9x9_rhombus_thin
          [minmay_the_grid_triangle_9x9_alien,
          minmay_the_grid_triangle_9x9_prize_special,
          minmay_the_grid_triangle_9x9_checkered,
          minmay_the_grid_triangle_9x9_zippers_horizontal], layout_basic,
          nemelex_altar_shiori, minmay_temple_entry_hall

Skill      XL: |  1  2  3  4  5  6  7  8  9 10 |
---------------+-------------------------------+-----
Axes           | 3 4 6 8 10 | 10.0
Throwing       | 1 2 3 |  3.0
Armour         | 2 4 5 6 7 |  7.1
Fighting       | 4 6 7 |  7.4
Spellcasting   | |  1.0
Fire Magic     | |  3.0

Action                     |  1- 3 |  4- 6 |  7- 9 | 10-12 || total
---------------------------+-------+-------+-------+-------++-------
  Melee: Hand axe          |    76 |    92 |   441 |     5 ||   614
         Punch             |       |     1 |     2 |       ||     3
  Throw: Javelin           |    19 |    21 |    56 |       ||    96
 Invoke: Fiery Armour      |     1 |     3 |     7 |       ||    11
    Use: Scroll            |     1 |     2 |    16 |       ||    19
         Potion            |       |       |     2 |       ||     2
 Armour: Robe              |    23 |       |       |       ||    23
         Scale mail        |     4 |    19 |       |       ||    23
         Chain mail        |       |    53 |     1 |       ||    54
         Fire dragon scale |       |       |    43 |       ||    43
         Plate armour      |       |       |   319 |     7 ||   326
  Dodge: Dodged            |    46 |    34 |   156 |       ||   236

Table legend:
 A = Non-vault XP
 B = Vault XP
 C = Vault XP percentage of total XP
 D = Non-vault monster count
 E = Vault monster count
 F = Vault count percentage of total count
                 A         B        C        D         E       F
            +---------+---------+-------+---------+---------+-------
      Total |    3018 |    2312 |  43.4 |     129 |      20 |  13.4
            +---------+---------+-------+---------+---------+-------
        D:1 |      47 |       0 |   0.0 |      25 |       0 |   0.0
        D:2 |     115 |      71 |  38.2 |      16 |       2 |  11.1
        D:3 |     223 |     262 |  54.0 |      16 |       1 |   5.9
        D:4 |     277 |       0 |   0.0 |      19 |       0 |   0.0
        D:5 |     871 |     203 |  18.9 |      21 |       5 |  19.2
        D:6 |     740 |      13 |   1.7 |      18 |       1 |   5.3
        D:7 |     745 |    1763 |  70.3 |      14 |      11 |  44.0
            +---------+---------+-------+---------+---------+-------
